AoeStats
← asd

Hideout

503371746Analyzed
4v4 RM · 1mo ago on Aug 31, 2026· 43m 55s· 8 players
Game mode
Random Map
Map size
Large (8 player)
Population
200
Speed
Normal
Resources
Standard
Victory
Conquest
Starting age
Dark Age
Ending age
Imperial Age
RankedLock teamsTeams togetherTeam positionsShared explorationLock speedFull tech treeHidden civsTurbo modeCheats
Victory
Defeat
🇮🇳 Slavs · India
1176
+13
🇦🇺 Byzantines · Australia
1176
+13
🇨🇳 Poles · China
1081
+17
🇨🇳 Vietnamese · China
968
+22
🇲🇽 Magyars · Mexico
1165
-19
🇨🇴 Bengalis · Colombia
1090
-16
🇬🇧 Mongols · United Kingdom
1084
-15
🇨🇳 Spanish · China
1081
-15
Aczino
5:42 Loom
6:05 Loom
9:27 Feudal Age
10:44 Double-Bit Axe
14:22 Horse Collar
18:41 Wheelbarrow
22:09 Castle Age
20:02 Gold Mining
23:15 Bow Saw
23:07 Heavy Plow
24:08 Gold Shaft Mining
24:17 Husbandry
24:28 Bloodlines
25:19 Scale Barding Armor
29:31 Stone Mining
31:01 Chain Barding Armor
39:49 Imperial Age
39:59 Cavalier
42:28 Paladin
BGz x LH
9:12 Feudal Age
11:36 Loom
14:21 Castle Age
13:30 Double-Bit Axe
13:32 Horse Collar
16:37 Fletching
17:48 Bow Saw
17:54 Heavy Plow
20:31 Padded Archer Armor
21:38 Bodkin Arrow
31:14 Leather Archer Armor
33:00 Ballistics
36:04 Imperial Age
34:11 Wheelbarrow
35:13 Thumb Ring
37:49 Parthian Tactics
37:53 Bracer
39:27 Chemistry
40:21 Conscription
41:01 Gold Mining
42:31 Elite Mangudai
tacos4life198
12:54 Feudal Age
14:45 Double-Bit Axe
20:18 Loom
25:35 Castle Age
27:29 Pikeman
29:26 Wheelbarrow
32:46 Bow Saw
tate
11:23 Feudal Age
16:44 Castle Age
15:41 Double-Bit Axe
16:31 Horse Collar
27:28 Town Watch
33:24 Bloodlines
34:23 Bow Saw
38:32 Imperial Age
35:57 Gold Mining
36:26 Scale Barding Armor
36:46 Stone Mining
38:14 Wheelbarrow
37:28 Loom
38:24 Forging
38:50 Cavalier
41:50 Chain Barding Armor
42:06 Iron Casting
42:38 Gambesons
42:54 Squires
43:45 Husbandry
asd
9:03 Loom
10:48 Feudal Age
12:05 Double-Bit Axe
12:01 Horse Collar
20:04 Castle Age
19:32 Fletching
19:43 Padded Archer Armor
21:15 Wheelbarrow
21:08 Bow Saw
20:35 Elite Skirmisher
25:03 Hand Cart
31:19 Bodkin Arrow
31:40 Leather Archer Armor
34:15 Imperial Age
31:41 Gold Mining
31:41 Stone Mining
33:07 Gold Shaft Mining
32:35 Heavy Plow
33:24 Fortified Wall
33:01 Treadmill Crane
33:44 Ballistics
33:54 Scale Mail Armor
36:04 Chemistry
35:19 Murder Holes
34:51 Pikeman
35:32 Squires
36:04 Ring Archer Armor
35:34 Bracer
35:51 Chain Mail Armor
35:46 Forging
34:59 Imperial Skirmisher
36:36 Conscription
37:08 Halberdier
39:36 Plate Mail Armor
43:10 Iron Casting
42:44 Arson
44:11 Two-Man Saw
43:43 Crop Rotation
南暮
10:25 Feudal Age
12:48 Horse Collar
12:56 Double-Bit Axe
15:51 Stone Mining
15:57 Town Watch
16:24 Fletching
18:29 Man-at-Arms
24:28 Gold Mining
28:37 Castle Age
42:56 Loom
Salamander
10:42 Feudal Age
14:24 Forging
14:23 Scale Barding Armor
16:08 Horse Collar
16:17 Double-Bit Axe
16:46 Loom
18:44 Wheelbarrow
19:23 Gold Mining
23:05 Bloodlines
26:25 Castle Age
26:00 Stone Mining
27:32 Fletching
27:17 Light Cavalry
27:58 Husbandry
28:19 Chain Barding Armor
28:38 Iron Casting
28:33 Bow Saw
28:29 Heavy Plow
35:41 Hand Cart
36:18 Gold Shaft Mining
36:41 Detinets
36:35 Fletching
40:31 Imperial Age
38:52 Bodkin Arrow
39:24 Masonry
39:24 Town Watch
41:23 Coinage
42:06 Plate Barding Armor
42:31 Blast Furnace
40:53 Cavalier
42:21 Conscription
42:39 Hoardings
42:48 Crop Rotation
43:20 Two-Man Saw
44:01 Siege Engineers
43:51 Murder Holes
44:03 Scale Mail Armor
44:17 Fortified Wall
别开枪自己人
11:42 Feudal Age
12:17 Loom
16:22 Castle Age
15:56 Horse Collar
16:04 Double-Bit Axe
16:13 Stone Mining
16:59 Gold Mining
23:32 Wheelbarrow
24:25 Town Watch
25:55 Gold Mining
30:55 Imperial Age
29:29 Bow Saw
29:58 Stone Shaft Mining
29:27 Heavy Plow
29:54 Scale Barding Armor
30:31 Forging
30:51 Szlachta Privileges
30:58 Bloodlines
31:15 Hand Cart
31:03 Town Patrol
31:27 Husbandry
31:49 Chain Barding Armor
33:00 Cavalier
35:24 Iron Casting
35:13 Conscription
37:22 Blast Furnace
43:26 Elite Obuch
44:09 Scale Mail Armor
44:18 Squires
44:03 Arson
Connection lost

Rejoining the realm…

Still unreachable

The connection could not be restored.

Session expired

The server has moved on; the page needs a fresh start.